cohdb
Replays
Latest Replays
All Replays
Popular Replays
Top Player Replays
Match Explorer
How It Works
Community
CoH3 Stats
Reddit
Sign in to upload your games and track your stats! →
Sign in with Steam
Match 44294967
Unlisted
Match 44294967
Overview
Messages
Build Orders
End
Scout Squad
Selects Airborne Battlegroup
Selects Pathfinders
Construct Weapon Support Center
Pathfinder Squad
Bazooka Squad
Pathfinder Squad
Infantry Support Center
Selects Paratrooper Squad Paradrop
Construct Medical Station
Paratrooper Squad Paradrop
Paratrooper Squad Paradrop
Survival Training
Selects Anti-tank Gun Team Paradrop
Anti-tank Gun Team Paradrop
Selects Smoke Bombing Run
Selects Paradrop Reinforcements
Advanced Logistics
Improved M9 Bazooka Rockets
Paradrop Reinforcements
monom song
yangyang
余烬
Chick
matvei
GruZ
KyrSor
Na_Orbite
0
0
Comments
sign in to comment!
No comments posted yet!